 Dungeon Crawl Stone Soup version bcrawl-1.21.2-1-g32d02e0829 (webtiles) character file.

Game seed: 4116438064270011309

1344 Mrkan the Shield-Bearer (level 8, -4/67 HPs)
             Began as a Gnoll Fighter on Feb 19, 2020.
             Was an Initiate of Ashenzari.
             Slain by a worker ant (5 damage)
             ... on level 5 of the Dungeon.
             The game lasted 00:08:50 (6327 turns).

Mrkan the Shield-Bearer (Gnoll Fighter)             Turns: 6327, Time: 00:08:51

Health: -4/67      AC: 10    Str: 25    XL:     8   Next: 62%
Magic:  13/13      EV:  9    Int: 10    God:    Ashenzari [......]
Gold:   108        SH: 13    Dex: 16    Spells: 13/13 levels left

rFire    . . .     SeeInvis .   a - +0 long sword
rCold    . . .     Gourm    .   c - +0 shield (curse)
rNeg     . . .     Faith    .   p - +0 chain mail
rPois    .         Spirit   .   (no helmet)
rElec    .         Reflect  .   (no cloak)
rCorr    .         Harm     .   (no gloves)
MR       .....                  (no boots)
Stlth    ..........             (no amulet)
HPRegen  0.21/turn              (no ring)
MPRegen  0.13/turn              (no ring)

@: mighty, lethally poisoned (-4 -> -7), slowed, very slow
A: distributed training, fangs 1, strong nose
a: Curse Item, Renounce Religion


You were on level 5 of the Dungeon.
You worshipped Ashenzari.
Ashenzari was noncommittal.
You were not hungry.

You visited 2 branches of the dungeon, and saw 6 of its levels.
You also visited: Sewer.

You collected 190 gold pieces.
You spent 82 gold pieces at shops.

Inventory:

Hand Weapons
 a - a +0 long sword (weapon)
 b - a +1 flail of protection
Armour
 c - a cursed +0 shield (worn)
 p - a +0 chain mail (worn)
Jewellery
 y - a +2 ring of dexterity
Wands
 q - a wand of polymorph (5)
Scrolls
 f - a scroll of enchant weapon {unknown}
 h - 3 scrolls of remove curse {unknown}
 i - 7 scrolls of teleportation {unknown}
 k - 5 scrolls of identify {unknown}
 l - a scroll of fear {unknown}
 v - a scroll of enchant armour
Potions
 g - 2 potions of curing {unknown}
 j - 2 potions of flight {unknown}
 m - 2 potions of mutation {unknown}
 n - a potion of brilliance {unknown}
 o - a potion of degeneration {unknown}
 r - a potion of invisibility {unknown}
 s - a potion of haste
 t - a potion of ambrosia {unknown}
 u - a potion of berserk rage {unknown}
 x - a potion of heal wounds {unknown}
 z - a potion of lignification {unknown}
Comestibles
 e - 9 rations {!d}
 w - 2 chunks of flesh


   Skills:
 + Level 7.4 Fighting
 + Level 3.3 Short Blades
 + Level 5.7 Long Blades
 + Level 3.3 Axes
 + Level 3.3 Maces & Flails
 + Level 3.3 Polearms
 + Level 3.3 Staves
 + Level 3.3 Slings
 + Level 3.3 Bows
 + Level 3.3 Crossbows
 + Level 3.3 Throwing
 + Level 7.4 Armour
 + Level 3.3 Dodging
 + Level 3.3 Stealth
 + Level 7.4 Shields
 + Level 3.3 Unarmed Combat
 + Level 3.3 Spellcasting
 + Level 2.7 Conjurations
 + Level 2.7 Hexes
 + Level 2.7 Charms
 + Level 2.7 Summonings
 + Level 2.7 Necromancy
 + Level 2.7 Translocations
 + Level 2.7 Transmutations
 + Level 2.7 Fire Magic
 + Level 2.7 Ice Magic
 + Level 2.7 Air Magic
 + Level 2.7 Earth Magic
 + Level 2.7 Poison Magic
 + Level 3.7 Invocations
 + Level 3.3 Evocations


You had 13 spell levels left.
You didn't know any spells.
Your spell library contained the following spells:

 Spells                   Type           Power        Failure   Level  Hunger
 Magic Dart               Conj           #...         78%         1    #......
 Blink                    Tloc           N/A          89%         2    ###....
 Call Imp                 Summ           #.....       89%         2    ###....
 Conjure Flame            Conj/Fire      #.......     98%         3    ###....
 Mephitic Cloud           Conj/Pois/Air  #.......     98%         3    ###....
 Spider Form              Tmut/Pois      #..          98%         3    ###....


Dungeon Overview and Level Annotations

Branches:
Dungeon (5/12)             Temple (1/1) D:5

Altars:
Ashenzari
Dithmenos
Elyvilon
Fedhas
Qazlal
Ru
Trog
The Shining One

Shops:
D:4 ?   D:5 (


Innate Abilities, Weirdness & Mutations

Your experience applies equally to all skills.
You have very sharp teeth.
Your uncanny sense of smell can sniff out nearby items.


Message History

The worker ant bites you but does no damage.
The ogre mage hits you but does no damage.
You block the worker ant's attack.
Some of the chunks of flesh in your inventory have rotted away.
You feel very mighty all of a sudden. You block the ogre mage's attack.
The worker ant closely misses you. The ogre mage casts a spell at you.
You struggle to resist.
The worker ant bites you.
* * * LOW HITPOINT WARNING * * *
You are lethally poisoned!
The worker ant poisons you!
You barely miss the ogre mage.
The ogre mage is severely wounded.
* * * LOW HITPOINT WARNING * * *
You feel sick.
The ogre mage hits you but does no damage.
The ogre mage points at you and mumbles some strange words.
You feel as though you will be slow longer.
The worker ant bites you.
You die...

#.###..#'#.........#...#....
##.##.##.##...##.#.'...'.#..
#....#...#..####..#)..#..##
#...#######.# ##.##.##.###
#..#..# ∆#.## #..........#
##..... #..# ##.#.#.#.#.#
....#########.####.#####....
#[...#?......#..##..# ###....
.##..#"....O@a.$....###..###.
## #..#$......#..##...#...# .
#########.####.....## ∆ #..#
#..#..# ∆#..# #..###..# #...
#.## ##..# ∆ ....... #...
#......# #... #... ...


You could see an ogre mage and a worker ant.

Vanquished Creatures
  Edmund (D:4)
  Purgy (Sewer)
  An ice beast (D:5)
  2 sky beasts (D:4)
  A phantom (D:5)
  A bullfrog (D:4)
  A scorpion (D:4)
  A crimson imp (D:5)
  Ijyb (D:3)
  7 orc wizards
  An iguana (D:4)
  4 worker ants
  8 adders
  A river rat (D:3)
  A white imp (D:4)
  An ooze (D:1)
  3 adder zombies
  2 adder skeletons
  A worm (D:3)
  7 dart slugs
  8 leopard geckos
  28 orcs
  2 ball pythons
  6 giant cockroaches
  4 goblins
  10 hobgoblins
  15 jackals
  10 kobolds
  6 quokkas
  12 bats
  6 frilled lizards
  2 goblin skeletons (D:4)
  3 goblin zombies (D:4)
  3 hobgoblin zombies (D:4)
  2 orc skeletons (D:4)
  2 orc zombies (D:4)
  5 rats
170 creatures vanquished.

Vanquished Creatures (others)
  An adder (D:5)
1 creature vanquished.

Grand Total: 171 creatures vanquished

Notes
Turn   | Place    | Note
-------+----------+-------------------------------------------
     0 | D:1      | Mrkan the Gnoll Fighter began the quest for the Orb.
     0 | D:1      | Reached XP level 1. HP: 23/23 MP: 1/1
   119 | D:1      | Reached XP level 2. HP: 19/29 MP: 2/2
   553 | D:1      | Reached XP level 3. HP: 26/35 MP: 3/3
  1083 | D:1      | Reached skill level 1 in Invocations
  1399 | D:2      | Reached skill level 1 in Short Blades
  1399 | D:2      | Reached skill level 1 in Axes
  1399 | D:2      | Reached skill level 1 in Maces & Flails
  1399 | D:2      | Reached skill level 1 in Polearms
  1399 | D:2      | Reached skill level 1 in Staves
  1399 | D:2      | Reached skill level 1 in Slings
  1399 | D:2      | Reached skill level 1 in Bows
  1399 | D:2      | Reached skill level 1 in Crossbows
  1399 | D:2      | Reached skill level 1 in Throwing
  1399 | D:2      | Reached skill level 1 in Dodging
  1399 | D:2      | Reached skill level 1 in Stealth
  1399 | D:2      | Reached skill level 1 in Unarmed Combat
  1399 | D:2      | Reached skill level 1 in Spellcasting
  1399 | D:2      | Reached skill level 1 in Evocations
  1491 | D:2      | Reached XP level 4. HP: 41/41 MP: 5/5
  1735 | D:2      | Found a white marble altar of Elyvilon.
  2281 | D:3      | Reached skill level 1 in Conjurations
  2281 | D:3      | Reached skill level 1 in Hexes
  2281 | D:3      | Reached skill level 1 in Charms
  2281 | D:3      | Reached skill level 1 in Summonings
  2281 | D:3      | Reached skill level 1 in Necromancy
  2281 | D:3      | Reached skill level 1 in Translocations
  2281 | D:3      | Reached skill level 1 in Transmutations
  2281 | D:3      | Reached skill level 1 in Fire Magic
  2281 | D:3      | Reached skill level 1 in Ice Magic
  2281 | D:3      | Reached skill level 1 in Air Magic
  2281 | D:3      | Reached skill level 1 in Earth Magic
  2281 | D:3      | Reached skill level 1 in Poison Magic
  2363 | D:3      | Found a glowing drain.
  2371 | Sewer    | Entered a sewer
  2426 | Sewer    | Reached XP level 5. HP: 45/47 MP: 6/6
  2454 | Sewer    | Noticed Purgy
  2478 | Sewer    | Killed Purgy
  2792 | D:3      | Reached XP level 6. HP: 41/53 MP: 8/8
  2981 | D:3      | Noticed Ijyb
  2999 | D:3      | Killed Ijyb
  3556 | D:3      | Reached skill level 5 in Long Blades
  3908 | D:3      | Found a faded altar of an unknown god.
  4255 | D:4      | Noticed Edmund
  4290 | D:4      | Killed Edmund
  4290 | D:4      | Reached XP level 7. HP: 47/59 MP: 10/10
  4946 | D:4      | Found a glowing golden altar of the Shining One.
  4968 | D:4      | Reached XP level 8. HP: 67/67 MP: 12/12
  5051 | D:4      | Found Idoup's Magic Scroll Shop.
  5065 | D:4      | Bought a scroll of enchant armour for 82 gold pieces
  5100 | D:4      | Found a shadowy altar of Dithmenos.
  5469 | D:5      | Entered Level 5 of the Dungeon
  5479 | D:5      | Found Cenarhor's Weapon Emporium.
  5899 | D:5      | Found a staircase to the Ecumenical Temple.
  5904 | Temple   | Entered the Ecumenical Temple
  5923 | Temple   | Became a worshipper of Ashenzari the Shackled
  5996 | D:5      | Found a bloodstained altar of Trog.
  6305 | D:5      | Noticed an ogre mage
  6324 | D:5      | HP: 2/67 [ogre mage/+0 club (4)]
  6327 | D:5      | Slain by a worker ant

Skill      XL: |  1  2  3  4  5  6  7  8 |
---------------+-------------------------+-----
Invocations    | 1 2 3 |  3.7
Short Blades   | 1 2 3 |  3.3
Axes           | 1 2 3 |  3.3
Maces & Flails | 1 2 3 |  3.3
Polearms       | 1 2 3 |  3.3
Staves         | 1 2 3 |  3.3
Slings         | 1 2 3 |  3.3
Bows           | 1 2 3 |  3.3
Crossbows      | 1 2 3 |  3.3
Throwing       | 1 2 3 |  3.3
Dodging        | 1 2 3 |  3.3
Stealth        | 1 2 3 |  3.3
Unarmed Combat | 1 2 3 |  3.3
Spellcasting   | 1 2 3 |  3.3
Evocations     | 1 2 3 |  3.3
Conjurations   | 1 2 |  2.7
Hexes          | 1 2 |  2.7
Charms         | 1 2 |  2.7
Summonings     | 1 2 |  2.7
Necromancy     | 1 2 |  2.7
Translocations | 1 2 |  2.7
Transmutations | 1 2 |  2.7
Fire Magic     | 1 2 |  2.7
Ice Magic      | 1 2 |  2.7
Air Magic      | 1 2 |  2.7
Earth Magic    | 1 2 |  2.7
Poison Magic   | 1 2 |  2.7
Long Blades    | 5 |  5.7
Fighting       | 7 |  7.4
Armour         | 7 |  7.4
Shields        | 7 |  7.4

Action                   |  1- 3 |  4- 6 |  7- 9 || total
-------------------------+-------+-------+-------++-------
Melee: Long sword        |   111 |   318 |   350 ||   779
       Bite              |    11 |    34 |    46 ||    91
Invok: Curse Item        |       |       |     1 ||     1
  Use: Potion            |       |       |     1 ||     1
  Eat: Chunk             |     2 |     8 |     9 ||    19
Armor: Scale mail        |    39 |   113 |       ||   152
       Chain mail        |       |    13 |   170 ||   183
       Skin              |       |     4 |       ||     4
Dodge: Dodged            |    37 |   102 |   107 ||   246
Block: Shield            |    74 |   245 |   298 ||   617
